SAL
ROME BRAVES @ AUGUSTA GREENJACKETS
04/17/2099
 
TOP OF THE 1ST
Rome Braves batting - Pitching for Augusta GreenJackets : RHP Lance Steward
Pitching: RHP Lance Steward
Batting: RHB Jesus Asevedo 0-0: DOUBLE (Line Drive, 78D, EV 104.4 MPH)
Batting: RHB Kevin Gricus 0-0: Swinging Strike
0-1: Foul Ball, location: 2F
0-2: Ball
1-2: Foul Ball, location: 25F
1-2: Ball
2-2: Strikes out swinging
Batting: SHB Kyle Montgomery 0-0: Called Strike
0-1: Swinging Strike
0-2: Ball
1-2: Strikes out swinging
Batting: LHB Justin Swartz 0-0: Ball
1-0: Ball
Wild Pitch!
Jesus Asevedo to third
2-0: Called Strike
2-1: Foul Ball, location: 23F
2-2: Strikes out swinging
Top of the 1st over - 0 runs, 1 hit, 0 errors, 1 left on base; Rome 0 - Augusta 0
BOTTOM OF THE 1ST
Augusta GreenJackets batting - Pitching for Rome Braves : RHP Greg Gilbert
Pitching: RHP Greg Gilbert
Batting: RHB Matt Bobrick 0-0: Called Strike
0-1: Foul Ball, location: 2F
0-2: Ball
1-2: Ground out 6-3 (Groundball, 6, EV 104.4 MPH)
Batting: RHB Michael Meinert 0-0: Ground out 4-3 (Groundball, 34, EV 100.0 MPH)
Batting: LHB Russ Sverdlov 0-0: Called Strike
0-1: Ball
1-1: Foul Ball, location: 2F
1-2: Fly out, F7 (Flyball, 7D, EV 104.4 MPH)
Bottom of the 1st over - 0 runs, 0 hits, 0 errors, 0 left on base; Rome 0 - Augusta 0
TOP OF THE 2ND
Rome Braves batting - Pitching for Augusta GreenJackets : RHP Lance Steward
Batting: RHB Ronnie Lambert 0-0: Ground out 6-3 (Groundball, 6MS, EV 86.3 MPH)
Batting: LHB Vinny Giron 0-0: Ball
1-0: Fly out, F8 (Line Drive, 8LM, EV 91.9 MPH)
Batting: RHB Cory Cassady 0-0: Fly out, F8 (Flyball, 89D, EV 91.3 MPH)
Top of the 2nd over - 0 runs, 0 hits, 0 errors, 0 left on base; Rome 0 - Augusta 0
BOTTOM OF THE 2ND
Augusta GreenJackets batting - Pitching for Rome Braves : RHP Greg Gilbert
Batting: SHB Matt Russ 0-0: Ball
1-0: Ball
2-0: Called Strike
2-1: Ball
3-1: Swinging Strike
3-2: Ground out 1-3 (Groundball, P, EV 70.6 MPH)
Batting: RHB Kevin Sides 0-0: SINGLE (Groundball, 6MD, EV 96.3 MPH)
Batting: RHB Scott Clara 0-0: Foul Ball, location: 9LDF
0-1: Called Strike
0-2: Ball
1-2: Ball
2-2: Foul Ball, location: 2F
2-2: Ball
3-2: Foul Ball, location: 3F
3-2: Fielders Choice at 2nd, 5-4 (Groundball, 56, EV 88.8 MPH)
Batting: SHB Jacob Carmer 0-0: Ball
1-0: Swinging Strike
1-1: Ball
2-1: Called Strike
2-2: Ball
3-2: Foul Ball, location: 2F
3-2: Foul Ball, location: 2F
3-2: Strikes out swinging
Bottom of the 2nd over - 0 runs, 1 hit, 0 errors, 1 left on base; Rome 0 - Augusta 0
TOP OF THE 3RD
Rome Braves batting - Pitching for Augusta GreenJackets : RHP Lance Steward
Batting: RHB Justin Goldenstein 0-0: Ball
1-0: Called Strike
1-1: Foul Ball, location: 7LMF
1-2: Ball
2-2: Strikes out swinging
Batting: RHB Henry Bedford 0-0: Ball
1-0: Called Strike
1-1: Foul Ball, location: 2F
1-2: SOLO HOME RUN (Line Drive, 78XD, EV 113.1 MPH), Distance : 433 ft
Batting: RHB Jesus Asevedo 0-0: Called Strike
0-1: Ground out U3 (Groundball, 3S, EV 83.1 MPH)
Batting: RHB Kevin Gricus 0-0: Ball
1-0: Foul Ball, location: 2LF
1-1: Ball
2-1: Foul Ball, location: 2F
2-2: Foul Ball, location: 3FF
2-2: Foul Ball, location: 2F
2-2: Fly out, F7 (Flyball, 7LS, EV 88.1 MPH)
Top of the 3rd over - 1 run, 1 hit, 0 errors, 0 left on base; Rome 1 - Augusta 0
BOTTOM OF THE 3RD
Augusta GreenJackets batting - Pitching for Rome Braves : RHP Greg Gilbert
Batting: RHB Glenn Sherman 0-0: Ball
1-0: Called Strike
1-1: Swinging Strike
1-2: Ball
2-2: SINGLE (Groundball, 6MD, EV 99.4 MPH)
Batting: RHB Ted Voeltner 0-0: Foul Ball, location: 9LSF
0-1: Foul Ball, location: 2F
0-2: Ball
1-2: Fielders Choice at 2nd, 6-4 (Groundball, 6, EV 85.0 MPH)
Batting: RHB Matt Bobrick 0-0: Ball
1-0: Foul Ball, location: 3F
1-1: Foul Ball, location: 9LMF
1-2: Ball
Ted Voeltner is caught stealing 2nd base 2-4
2-2: Fly out, F3 (Popup, 3SF, EV 74.4 MPH)
Bottom of the 3rd over - 0 runs, 1 hit, 0 errors, 0 left on base; Rome 1 - Augusta 0
TOP OF THE 4TH
Rome Braves batting - Pitching for Augusta GreenJackets : RHP Lance Steward
Batting: SHB Kyle Montgomery 0-0: Ball
1-0: SOLO HOME RUN (Flyball, 78XD, EV 110.6 MPH), Distance : 422 ft
Batting: LHB Justin Swartz 0-0: Called Strike
0-1: Ball
1-1: Called Strike
1-2: Ball
2-2: Ground out 1-3 (Groundball, 13S, EV 72.5 MPH)
Batting: RHB Ronnie Lambert 0-0: Called Strike
0-1: Ball
1-1: Foul Ball, location: 2F
1-2: Ball
2-2: DOUBLE (Line Drive, 89D, EV 110.0 MPH)
Batting: LHB Vinny Giron 0-0: Ground out U3 (Groundball, 34, EV 109.4 MPH)
Ronnie Lambert to third
Batting: RHB Cory Cassady 0-0: SINGLE (Line Drive, 9S, EV 106.3 MPH)
Ronnie Lambert scores
Batting: RHB Justin Goldenstein 0-0: Called Strike
0-1: Ball
1-1: Ball
2-1: Ground out 5-3 (Groundball, 56S, EV 91.9 MPH)
Top of the 4th over - 2 runs, 3 hits, 0 errors, 1 left on base; Rome 3 - Augusta 0
BOTTOM OF THE 4TH
Augusta GreenJackets batting - Pitching for Rome Braves : RHP Greg Gilbert
Batting: RHB Michael Meinert 0-0: Called Strike
0-1: Called Strike
0-2: Foul Ball, location: 9LMF
0-2: Foul Ball, location: 2F
0-2: Strikes out swinging
Batting: LHB Russ Sverdlov 0-0: SINGLE (Flyball, 7LS, EV 88.8 MPH)
Batting: SHB Matt Russ 0-0: Called Strike
0-1: Called Strike
0-2: Ball
1-2: Fly out, F3 (Popup, 3SF, EV 70.6 MPH)
Batting: RHB Kevin Sides 0-0: Foul Ball, location: 9LDF
0-1: Ball
1-1: Swinging Strike
1-2: Ball
2-2: Foul Ball, location: 25F
2-2: Ball
3-2: Strikes out swinging
Bottom of the 4th over - 0 runs, 1 hit, 0 errors, 1 left on base; Rome 3 - Augusta 0
TOP OF THE 5TH
Rome Braves batting - Pitching for Augusta GreenJackets : RHP Lance Steward
Batting: RHB Henry Bedford 0-0: Fly out, F7 (Flyball, 78M, EV 83.8 MPH)
Batting: RHB Jesus Asevedo 0-0: Foul Ball, location: 9LDF
0-1: Called Strike
0-2: SOLO HOME RUN (Flyball, 78XD, EV 110.6 MPH), Distance : 415 ft
Batting: RHB Kevin Gricus 0-0: Ball
1-0: Foul Ball, location: 9LMF
1-1: Foul Ball, location: 9LMF
1-2: Ground out 5-3 (Groundball, 56S, EV 85.6 MPH)
Batting: SHB Kyle Montgomery 0-0: SINGLE (Line Drive, 6MD, EV 96.3 MPH)
Batting: LHB Justin Swartz 0-0: Ball
1-0: Fly out, F8 (Flyball, 8RD, EV 90.0 MPH)
Top of the 5th over - 1 run, 2 hits, 0 errors, 1 left on base; Rome 4 - Augusta 0
BOTTOM OF THE 5TH
Augusta GreenJackets batting - Pitching for Rome Braves : RHP Greg Gilbert
Batting: RHB Scott Clara 0-0: Ball
1-0: Ball
2-0: Called Strike
2-1: Ball
3-1: Swinging Strike
3-2: SINGLE (Groundball, 4S, EV 65.6 MPH) (infield hit)
Batting: SHB Jacob Carmer 0-0: Ball
1-0: Called Strike
1-1: Called Strike
1-2: Ball
2-2: SINGLE (Groundball, 6S, EV 63.8 MPH) (infield hit)
Scott Clara to second
Batting: RHB Glenn Sherman 0-0: SINGLE (Groundball, 4MD, EV 105.0 MPH)
Scott Clara to third
Jacob Carmer to second
Runner from 3rd tries for Home, SAFE, throw by CF to home
Batting: RHB Ted Voeltner 0-0: Ball
1-0: Ball
2-0: Ball
3-0: Called Strike
3-1: Called Strike
3-2: Base on Balls
Jacob Carmer to third
Glenn Sherman to second
Batting: RHB Matt Bobrick 0-0: SINGLE (Groundball, 34D, EV 86.3 MPH) (infield hit)
Jacob Carmer scores
Glenn Sherman to third
Ted Voeltner to second
Batting: RHB Michael Meinert 0-0: Ball
1-0: Ball
2-0: Ball
3-0: Called Strike
3-1: SINGLE (Line Drive, 56, EV 98.1 MPH)
Glenn Sherman scores
Ted Voeltner to third
Matt Bobrick to second
Batting: LHB Russ Sverdlov 0-0: DOUBLE (Flyball, 89XD, EV 93.1 MPH)
Ted Voeltner scores
Matt Bobrick scores
Michael Meinert to third
Pitching: RHP Wibowo Kartodirdjo
Batting: SHB Matt Russ 0-0: Ball
1-0: Called Strike
1-1: Called Strike
1-2: Foul Ball, location: 7LMF
1-2: Ball
2-2: Ball
3-2: Ground out 4-3 (Groundball, 34, EV 78.8 MPH)
Batting: RHB Kevin Sides 0-0: Ball
1-0: Foul Ball, location: 9LMF
1-1: Swinging Strike
1-2: Ball
2-2: Foul Ball, location: 2F
2-2: Foul Ball, location: 2F
2-2: Strikes out swinging
Batting: RHB Scott Clara 0-0: Ball
1-0: Foul Ball, location: 2F
1-1: DOUBLE (Line Drive, 89D, EV 97.5 MPH)
Michael Meinert scores
Russ Sverdlov scores
Batting: SHB Jacob Carmer 0-0: Ball
1-0: Foul Ball, location: 2F
1-1: SINGLE (Groundball, 34D, EV 100.6 MPH)
Scott Clara to third
Runner from 3rd tries for Home, SAFE, throw by RF to home
Batting: RHB Glenn Sherman 0-0: Called Strike
0-1: Fly out, F9 (Flyball, 9, EV 91.9 MPH)
Bottom of the 5th over - 8 runs, 8 hits, 0 errors, 1 left on base; Rome 4 - Augusta 8
TOP OF THE 6TH
Rome Braves batting - Pitching for Augusta GreenJackets : RHP Lance Steward
Batting: RHB Ronnie Lambert 0-0: Called Strike
0-1: Foul Ball, location: 2F
0-2: Reached via error on a dropped throw from 1B, E1 (Groundball, 34, EV 83.8 MPH)
Batting: LHB Vinny Giron 0-0: Foul Ball, location: 25F
0-1: Ball
1-1: Ball
2-1: Fly out, F7 (Flyball, 7, EV 84.4 MPH)
Batting: RHB Cory Cassady 0-0: Ball
1-0: Swinging Strike
1-1: Swinging Strike
1-2: Ball
2-2: Ball
3-2: Strikes out swinging
Batting: RHB Justin Goldenstein 0-0: Called Strike
0-1: Foul Ball, location: 3DF
0-2: Foul Ball, location: 2F
0-2: Foul Ball, location: 2F
0-2: Ball
1-2: Foul Ball, location: 9LSF
1-2: Foul Ball, location: 9LDF
1-2: Foul Ball, location: 9LSF
1-2: Foul Ball, location: 2F
1-2: Ball
2-2: Strikes out swinging
Top of the 6th over - 0 runs, 0 hits, 1 error, 1 left on base; Rome 4 - Augusta 8
BOTTOM OF THE 6TH
Augusta GreenJackets batting - Pitching for Rome Braves : RHP Wibowo Kartodirdjo
Batting: RHB Ted Voeltner 0-0: Swinging Strike
0-1: Called Strike
0-2: Ball
1-2: Strikes out swinging
Batting: RHB Matt Bobrick 0-0: Foul Ball, location: 9LMF
0-1: Ball
1-1: Foul Ball, location: 2F
1-2: Ground out 4-3 (Groundball, 4, EV 88.8 MPH)
Batting: RHB Michael Meinert 0-0: Ball
1-0: Called Strike
1-1: Swinging Strike
1-2: Fly out, F8 (Flyball, 8LS, EV 86.3 MPH)
Bottom of the 6th over - 0 runs, 0 hits, 0 errors, 0 left on base; Rome 4 - Augusta 8
TOP OF THE 7TH
Rome Braves batting - Pitching for Augusta GreenJackets : RHP Lance Steward
Pitching: RHP Nate Sahm
Batting: RHB Henry Bedford 0-0: Swinging Strike
0-1: Ball
1-1: Foul Ball, location: 5FF
1-2: Ball
2-2: Strikes out swinging
Batting: RHB Jesus Asevedo 0-0: Ground out 6-3 (Groundball, 6MD, EV 96.3 MPH)
Batting: RHB Kevin Gricus 0-0: Ground out 5-3 (Groundball, 56, EV 85.6 MPH)
Top of the 7th over - 0 runs, 0 hits, 0 errors, 0 left on base; Rome 4 - Augusta 8
BOTTOM OF THE 7TH
Augusta GreenJackets batting - Pitching for Rome Braves : RHP Wibowo Kartodirdjo
Batting: LHB Russ Sverdlov 0-0: Swinging Strike
0-1: Called Strike
0-2: Ball
1-2: Ball
2-2: Ball
3-2: Strikes out looking
Batting: SHB Matt Russ 0-0: Ball
1-0: Called Strike
1-1: Ball
2-1: Ball
3-1: Called Strike
3-2: Base on Balls
Pitching: RHP Melvin Vadillo
Batting: RHB Kevin Sides 0-0: Called Strike
0-1: Foul Ball, location: 2F
0-2: Grounds into double play, 4-6-3 (Groundball, 4M, EV 86.3 MPH)
Bottom of the 7th over - 0 runs, 0 hits, 0 errors, 0 left on base; Rome 4 - Augusta 8
TOP OF THE 8TH
Rome Braves batting - Pitching for Augusta GreenJackets : RHP Nate Sahm
Batting: SHB Kyle Montgomery 0-0: Foul Ball, location: 3DF
0-1: Ball
1-1: Foul Ball, location: 2F
1-2: Ball
2-2: Strikes out looking
Batting: LHB Justin Swartz 0-0: Ball
1-0: Foul Ball, location: 2F
1-1: Swinging Strike
1-2: Fly out, F8 (Flyball, 89M, EV 97.5 MPH)
Batting: RHB Ronnie Lambert 0-0: Called Strike
0-1: Called Strike
0-2: Foul Ball, location: 23FF
0-2: Foul Ball, location: 2F
0-2: Fly out, F6 (Popup, 6, EV 61.9 MPH)
Top of the 8th over - 0 runs, 0 hits, 0 errors, 0 left on base; Rome 4 - Augusta 8
BOTTOM OF THE 8TH
Augusta GreenJackets batting - Pitching for Rome Braves : RHP Melvin Vadillo
Batting: RHB Scott Clara 0-0: Ground out 4-3 (Groundball, 4, EV 90.0 MPH)
Batting: SHB Jacob Carmer 0-0: Ball
1-0: Ball
2-0: Foul Ball, location: 7LSF
2-1: Foul Ball, location: 2F
2-2: Foul Ball, location: 2F
2-2: Foul Ball, location: 2F
2-2: Strikes out swinging
Batting: RHB Glenn Sherman 0-0: Ball
1-0: Ball
2-0: Ball
3-0: Called Strike
3-1: DOUBLE (Flyball, 89D, EV 109.4 MPH)
Batting: RHB Andres Garcia 0-0: Ball
1-0: Ball
2-0: Foul Ball, location: 2F
2-1: Fly out, F9 (Flyball, 9D, EV 108.8 MPH)
Bottom of the 8th over - 0 runs, 1 hit, 0 errors, 1 left on base; Rome 4 - Augusta 8
TOP OF THE 9TH
Rome Braves batting - Pitching for Augusta GreenJackets : RHP Nate Sahm
Batting: LHB Vinny Giron 0-0: Ball
1-0: Ground out U3 (Groundball, 3, EV 91.3 MPH)
Pinch Hitting: LHB David Joachim 0-0: SINGLE (Groundball, 4MD, EV 100.6 MPH)
Batting: RHB Justin Goldenstein 0-0: Called Strike
0-1: Ball
1-1: Swinging Strike
1-2: Strikes out swinging
Batting: RHB Henry Bedford 0-0: Foul Ball, location: 25FF
0-1: Foul Ball, location: 5DF
0-2: Ball
1-2: Strikes out swinging
Top of the 9th over - 0 runs, 1 hit, 0 errors, 1 left on base; Rome 4 - Augusta 8
Friday, May 3rd , 2024 - OOTP Baseball 24.11 Build 85